 Dungeon Crawl Stone Soup version 0.22-a0-553-g9358b0b (webtiles) character file.

478 Gildeon the Grave Robber (level 6, -6/43 HPs)
             Began as a Mummy Necromancer on June 25, 2018.
             Mangled by a killer bee (8 damage)
             ... on level 5 of the Dungeon.
             The game lasted 00:34:25 (4218 turns).

Gildeon the Grave Robber (Mummy Necromancer)        Turns: 4218, Time: 00:34:26

Health: -6/43      AC:  3    Str: 12    XL:     6   Next: 86%
Magic:  1/13       EV: 13    Int: 16    God:
Gold:   261        SH:  0    Dex: 12    Spells: 5/14 levels left

rFire    x . .     SeeInvis +   d - +3 dagger (protect)
rCold    + . .     Gourm    .   (no shield)
rNeg     + + +     Faith    .   a - +0 robe
rPois    ∞         Spirit   .   (no helmet)
rElec    .         Reflect  .   g - +0 cloak
rCorr    .         Harm     .   (no gloves)
MR       .....                  (no boots)
Stlth    ++........             (no amulet)
HPRegen  0.14/turn              b - ring of see invisible
MPRegen  0.13/turn              (no ring)

@: about to teleport
A: no food or potions, fire vulnerability, cold resistance 1, negative energy
resistance 3, torment resistance, unbreathing
a: no special abilities


You were on level 5 of the Dungeon.
You were not hungry.

You visited 1 branch of the dungeon, and saw 5 of its levels.

You collected 261 gold pieces.

Inventory:

Hand Weapons
 d - a +3 dagger of protection (weapon)
Armour
 a - a +0 robe (worn)
 g - a +0 cloak (worn)
Jewellery
 b - a ring of see invisible (left hand)
Wands
 h - a wand of flame (22)
Scrolls
 c - 2 scrolls of identify
 f - 2 scrolls of remove curse
 i - a scroll of fog


   Skills:
 - Level 1.0 Fighting
 - Level 1.0 Short Blades
 - Level 1.0 Armour
 + Level 3.1 Dodging
 + Level 3.2 Stealth
 + Level 4.6 Spellcasting
 + Level 5.1 Necromancy
 + Level 0.9 Evocations


You had 5 spell levels left.
You knew the following spells:

 Your Spells              Type           Power        Failure   Level  Hunger
a - Pain                  Necr           ###.         1%          1    N/A
b - Vampiric Draining     Necr           ###.......   5%          3    N/A
c - Animate Skeleton      Necr           N/A          1%          1    N/A
d - Animate Dead          Necr           N/A          19%         4    N/A

Your spell library contained the following spells:

 Spells                   Type           Power        Failure   Level  Hunger
 Regeneration             Chrm/Necr      ##........   16%         3    N/A

Dungeon Overview and Level Annotations

Branches:
Dungeon (5/15)
 Temple: D:4-7

Altars:
Dithmenos
Fedhas
Xom

Shops:
D:5 %

Annotations:
D:4 Sigmund
D:5 Dowan, Duvessa


Innate Abilities, Weirdness & Mutations

You do not eat or drink.
Your flesh is vulnerable to fire.
You are immune to poison.
Your flesh is cold resistant. (rC+)
You are immune to negative energy. (rN+++)
You are immune to unholy pain and torment.
You can survive without breathing.


Message History

The worker ant closely misses you. The killer bee stings you.
The killer bee barely misses you. The worker ant misses you.
The killer bee closely misses you. The killer bee misses you.
The killer bee stings you!
* * * LOW HITPOINT WARNING * * *
The killer bee completely misses you. The killer bee stings you.
* * * LOW HITPOINT WARNING * * *
The killer bee closely misses you. The killer bee stings you.
* * * LOW HITPOINT WARNING * * *
You see here a club.
You can't eat.
Unknown command.
As you read the scroll of teleportation, it crumbles to dust.
You feel strangely unstable. The killer bee stings you.
* * * LOW HITPOINT WARNING * * *
A crimson imp comes into view.
The killer bee barely misses you. The killer bee stings you!
You die...

..#.#.#.#.#.#....#.#.# #.#
..#.#.#.#.#.########.# #.#
..#.#.#.#.#..........###### #.#
..#.#.#.#.#############... ##...
..#.#.#.#.#############.###.#####
..#.#.#.#......................
[.#.#.#.#>..............#...#.#
..#.#.#=########yya(...5)......
..#.#.#.###### #@#####.†#.###.#
..#..........# #)# ##.....
......#......# #.# .....##
.###############.# .....# .#
#..Z...# ......# .# #Z######
##....# ## #.# #....# #Z# #.#


You could see a worker ant, 2 killer bees and a crimson imp (wandering).

Vanquished Creatures
  A phantom (D:5)
  An ice beast (D:5)
  A scorpion (D:4)
  A crimson imp (D:5)
  A hound (D:5)
  An orc wizard (D:5)
  Jessica (D:2)
  An iguana (D:5)
  3 gnolls (D:4)
  2 adders (D:2)
  A worm (D:3)
  A dart slug (D:1)
  3 leopard geckos
  11 orcs
  A ball python (D:4)
  4 goblins
  3 hobgoblins
  2 jackals (D:5)
  A kobold (D:3)
  2 quokkas (D:2)
  5 bats
  A frilled lizard (D:2)
  A jackal skeleton (D:4)
  3 rats
52 creatures vanquished.

Vanquished Creatures (collateral kills)
  An adder (D:5)
  A hobgoblin (D:3)
  2 jackals (D:5)
  A bat (D:3)
  A leopard gecko skeleton (D:5)
6 creatures vanquished.

Grand Total: 58 creatures vanquished

Notes
Turn   | Place    | Note
-------+----------+-------------------------------------------
     0 | D:1      | Gildeon the Mummy Necromancer began the quest for the Orb.
     0 | D:1      | Reached XP level 1. HP: 13/13 MP: 4/4
     6 | D:1      | Learned a level 1 spell: Animate Skeleton
   716 | D:1      | Reached XP level 2. HP: 19/19 MP: 0/6
  1038 | D:2      | Found a shadowy altar of Dithmenos.
  1169 | D:2      | Noticed Jessica
  1175 | D:2      | Killed Jessica
  1175 | D:2      | Reached XP level 3. HP: 21/25 MP: 2/7
  1180 | D:2      | Learned a level 3 spell: Vampiric Draining
  1460 | D:2      | Reached skill level 1 in Fighting
  1546 | D:2      | Found a blossoming altar of Fedhas.
  1685 | D:3      | HP: 1/26 [worm (4)]
  1689 | D:3      | Reached XP level 4. HP: 2/32 MP: 0/9
  1996 | D:3      | Learned a level 4 spell: Animate Dead
  2292 | D:3      | Found a shimmering altar of Xom.
  2294 | D:3      | Found a shimmering altar of Xom.
  2295 | D:3      | Found a shimmering altar of Xom.
  2296 | D:3      | Found a shimmering altar of Xom.
  2297 | D:3      | Found a shimmering altar of Xom.
  2297 | D:3      | Found a shimmering altar of Xom.
  2297 | D:3      | Found a shimmering altar of Xom.
  2699 | D:4      | Reached XP level 5. HP: 30/37 MP: 4/10
  2967 | D:4      | Reached skill level 1 in Short Blades
  3288 | D:4      | Noticed Sigmund
  3654 | D:5      | Entered Level 5 of the Dungeon
  3694 | D:5      | Noticed Duvessa
  3694 | D:5      | Noticed Dowan
  3931 | D:5      | Found Aleed's Food Shop.
  3993 | D:5      | Noticed a phantom
  4005 | D:5      | Killed a phantom
  4005 | D:5      | Reached skill level 1 in Armour
  4005 | D:5      | Reached XP level 6. HP: 32/43 MP: 12/12
  4051 | D:5      | Reached skill level 5 in Necromancy
  4180 | D:5      | Noticed an ice beast
  4193 | D:5      | Killed an ice beast
  4218 | D:5      | HP: 2/43 [killer bee (2)]
  4218 | D:5      | Mangled by a killer bee

Vault maps used:
D:1:      minmay_arrival_four_loops
D:2:      lemuel_crystal_altar, old_standard_altar, serial_curves,
          eino_curves_01, eino_curves_03, first_ration, uniq_jessica
D:3:      xom_redecorated
D:4:      kennysheep_cross_bottleneck, uniq_sigmund
D:5:      cheibrodos_quashed, serial_shops, shop_coins, minivault_19,
          uniq_blork_the_orc, uniq_duvessa, uniq_crazy_yiuf_cottage

Skill      XL: |  1  2  3  4  5  6 |
---------------+-------------------+-----
Spellcasting   | 3 4 |  4.6
Dodging        | 2 3 |  3.1
Stealth        | 2 3 |  3.2
Fighting       | 1 |  1.0
Short Blades   | 1 |  1.0
Armour         | 1 |  1.0
Necromancy     | 5 |  5.1
Evocations     | |  0.9

Action                   |  1- 3 |  4- 6 || total
-------------------------+-------+-------++-------
Melee: Dagger            |    10 |    28 ||    38
 Cast: Pain              |    51 |    81 ||   132
       Animate Skeleton  |     7 |    11 ||    18
       Vampiric Draining |       |     1 ||     1
Evoke: Wand              |       |    17 ||    17
  Use: Scroll            |     4 |     5 ||     9
Armor: Robe              |     1 |    13 ||    14
Dodge: Dodged            |    12 |    54 ||    66

Table legend:
 A = Spawn XP
 B = Non-spawn XP
 C = Spawn XP percentage of total XP
 D = Spawn monster count
 E = Non-spawn monster count
 F = Spawn count percentage of total count
 G = Total turns spent on level
                    A         B        C        D         E        F      G
               +---------+---------+-------+---------+---------+-------+---------
         Total |       0 |     684 |   0.0 |       0 |      58 |   0.0 |  4218
               +---------+---------+-------+---------+---------+-------+---------
           D:1 |       0 |      14 |   0.0 |       0 |       7 |   0.0 |   932
           D:2 |       0 |      78 |   0.0 |       0 |      13 |   0.0 |   682
           D:3 |       0 |      24 |   0.0 |       0 |      11 |   0.0 |  1151
           D:4 |       0 |     115 |   0.0 |       0 |       7 |   0.0 |   889
           D:5 |       0 |     453 |   0.0 |       0 |      20 |   0.0 |   564
               +---------+---------+-------+---------+---------+-------+---------
